cohdb
Replays
Latest Replays
All Replays
Popular Replays
Top Player Replays
Match Explorer
How It Works
Community
CoH3 Stats
Reddit
Sign in to upload your games and track your stats! →
Sign in with Steam
Match 46545632
Unlisted
Match 46545632
Overview
Messages
Build Orders
End
Engineer Squad
Construct Barracks
Selects Armored Battlegroup
Selects Veteran Crews
1⁄4-ton 4x4 Truck
Riflemen Squad
Riflemen Squad
Riflemen Squad
Infantry Support Center
Construct Motor Pool
M8 Greyhound Armored Car
Grenade Package
Construct Medical Station
Selects M31 Recovery Vehicle
Selects War Machine
Engineer Squad
M24 Chaffee Light Tank
M1 Anti-tank Gun Team
Selects Strength in Steel
M24 Chaffee Light Tank
M1 Anti-tank Gun Team
Construct Tank Depot
Selects Seek and Destroy
Selects UNKNOWN (2160077)
M4A3E8 Sherman Easy Eight
M4A3E8 Sherman Easy Eight
Engineer Squad
odung
JBQuib
0
0
Comments
sign in to comment!
No comments posted yet!